 Dungeon Crawl Stone Soup version 0.30-a0-639-g3916f1956a (webtiles) character file.

Game seed: 9334132280998557356

940 Newt the Chopper (level 7, -3/55 HPs)
             Began as a Demonspawn Gladiator on Jan 15, 2023.
             Killed by divine providence
             ... invoked by an orc priest
              (13 damage)
             ... on level 5 of the Dungeon.
             The game lasted 00:04:04 (4133 turns).

Newt the Chopper (Demonspawn Gladiator)             Turns: 4133, Time: 00:04:05

Health: -3/55      AC: 16    Str: 16    XL:     7   Next: 88%
Magic:  0/7        EV:  1    Int:  4    God:
Gold:   285        SH:  0    Dex: 15    Spells: 6/6 levels left

rFire   + . .      SeeInvis +    p - +8 hand axe "Amenkonk" {freeze, rPois}
rCold   + . .      Faith    .    (no shield)
rNeg    . . .      Spirit   +    f - +1 gold dragon scales of Dithmenos's Vengeance {Harm rPois rF+ rC+ Int-5 SInv Stlth+}
rPois   +          Reflect  .    (helmet unavailable)
rElec   .          Harm     +    (no cloak)
rCorr   +          Rampage  .    (no gloves)
Will    .....                    (no boots) Stlth
                                 u - amulet of guardian spirit
HPRegen 0.29/turn                r - ring of resist corrosion
MPRegen 0.10/turn                (no ring)

@: about to teleport
A: horns 3, rugged brown scales 1, demonic magic 1
a: no special abilities


You were on level 5 of the Dungeon.
You visited 1 branch of the dungeon, and saw 5 of its levels.

You collected 285 gold pieces.

Inventory:

Hand Weapons
 a - a +1 rapier of venom
 p - the +8 hand axe "Amenkonk" (weapon) {freeze, rPois}
   (You found it on level 4 of the Dungeon)

   rPois:     It protects you from poison.
Missiles
 d - 2 throwing nets (quivered)
 e - a javelin
 h - 27 poisoned darts
 n - 4 atropa-tipped darts
Armour
 b - a +1 leather armour
 c - a +0 helmet
 f - the +1 gold dragon scales of Dithmenos's Vengeance (worn) {Harm rPois rF+ rC+ Int-5 SInv Stlth+}
   (You acquired it on level 3 of the Dungeon)

   Int:       It affects your intelligence (-5).
   rF:        It protects you from fire.
   rC:        It protects you from cold.
   rPois:     It protects you from poison.
   SInv:      It lets you see invisible.
   Harm:      It increases damage dealt and taken.
   Stlth:     It makes you more stealthy.
Jewellery
 r - a ring of resist corrosion (left hand)
 u - an amulet of guardian spirit (around neck)
Wands
 v - a wand of roots (9)
Scrolls
 s - 2 scrolls of poison {unknown}
 t - a scroll of fear {unknown}
 x - a scroll of silence {unknown}
 y - a scroll of noise {unknown}
Potions
 g - 2 potions of attraction
 i - a potion of might
 j - a potion of brilliance
 k - 2 potions of heal wounds {unknown}
 l - 4 potions of curing
 m - a potion of lignification {unknown}
 q - 3 potions of ambrosia {unknown}
 w - a potion of berserk rage {unknown}
Miscellaneous
 z - a phial of floods


   Skills:
 - Level 4.0 Fighting
 - Level 2.6 Short Blades
 + Level 5.4 Axes
 - Level 1.7 Throwing
 - Level 4.0 Armour
 - Level 2.6 Dodging
 - Level 3.0 Stealth


You had 6 spell levels left.
You didn't know any spells.
Your spell library contained the following spells:

 Spells                   Type           Power      Damage    Failure   Level
 Sublimation of Blood     Necr           0%         N/A       100%        2
 Dazzling Flash           Conj/Hex       0%         N/A       100%        3
 Anguish                  Hex/Necr       0%         N/A       100%        4
 Petrify                  Tmut/Erth      0%         N/A       100%        4
 Agony                    Necr           0%         N/A       100%        5
 Irradiate                Conj/Tmut      0%         3d11      100%        5
 Silence                  Hex/Air        0%         N/A       100%        5
 Enfeeble                 Hex            0%         N/A       100%        7


Dungeon Overview and Level Annotations

Branches:
Dungeon (5/15)
 Temple: D:4-7

Altars:
Kikubaaqudgha

Annotations:
D:3 3 runed translucent doors, DeadOnArrival's ghost, amateur AtMo; bande's ghost, amateur GrFi; wormed's ghost, amateur OpMo; wormed's ghost, amateur OpTm
D:5 1 transporter, mhtbhm's ghost, novice TrTm


Innate Abilities, Weirdness & Mutations

You have a pair of large horns on your head.
You are partially covered in rugged brown scales. (AC +1, +3% HP)
Spells you cast may paralyse adjacent enemies.


Message History

Beogh smites you!
An orc priest comes into view. It is wielding a +0 club.
You hear a shout!
You are too injured to fight recklessly!
You are too injured to fight recklessly!
You are too injured to fight recklessly!
You are too injured to fight recklessly!
You are too injured to fight recklessly!
You are too injured to fight recklessly!
You are too injured to fight recklessly!
You are too injured to fight recklessly!
You are too injured to fight recklessly!
You are too injured to fight recklessly!
You are too injured to fight recklessly!
You are too injured to fight recklessly!
You are too injured to fight recklessly!
You are too injured to fight recklessly!
You are too injured to fight recklessly!
You are too injured to fight recklessly!
You are too injured to fight recklessly!
You are too injured to fight recklessly!
You are too injured to fight recklessly!
You are too injured to fight recklessly!
You are too injured to fight recklessly!
Unknown command.
The orc hits you but does no damage.
An orc wizard comes into view.
It is wielding a +0 dagger of holy wrath.
The orc priest calls down the wrath of Beogh upon you.
Beogh smites you!
* * * LOW HITPOINT WARNING * * *
The orc attacks as you move away! The orc hits you with a +0 dagger.
* * * LOW HITPOINT WARNING * * *
The orc priest looks braver for a moment.
Okay, then.
As you read the scroll of teleportation, it crumbles to dust.
You feel strangely unstable. The orc hits you but does no damage.
The orc priest looks braver for a moment.
The orc priest mumbles some strange prayers to Beogh against you.
Beogh smites you!
You die...

#....# ####### #....# #
#.....# #....# # #.....#
#....# # #.....# #....# #
#.....# #....####
###.....# #........ #
........####....#######.##
................@oo.......
................#oo..?....
....#############.o.......
......## #.........
##.##..### #.........
#...##...# #.o.......
.###.#.#.# .o.o......
.....#.#.# ...........
.###.#..... .......[...


You could see 2 orc priests, an orc wizard and 5 orcs.

Vanquished Creatures
  2 ice beasts (D:5)
  A black bear (D:4)
  An ogre (D:5)
  A phantom (D:5)
  2 scorpions (D:5)
  A howler monkey (D:5)
  2 jellies (D:5)
  2 orc priests (D:4)
  A hound (D:5)
  An iguana (D:4)
  7 adders
  A shadow imp (D:5)
  2 ufetubi (D:4)
  5 dart slugs
  2 worms (D:2)
  5 orcs
  7 ball pythons
  3 bats
  5 endoplasms
  7 goblins
  9 hobgoblins
  6 jackals
  2 quokkas
  10 kobolds
  4 rats
89 creatures vanquished.

Vanquished Creatures (others)
  A human (D:4)
  2 withered plants (D:3)
3 creatures vanquished.

Grand Total: 92 creatures vanquished

Notes
Turn   | Place    | Note
-------+----------+-------------------------------------------
     0 | D:1      | Newt the Demonspawn Gladiator began the quest for the Orb.
     0 | D:1      | Reached XP level 1. HP: 16/16 MP: 1/1
    50 | D:1      | Reached skill level 1 in Stealth
   140 | D:1      | Gained mutation: You have a pair of small horns on your
                  | head. [demonic ancestry]
   140 | D:1      | Reached XP level 2. HP: 19/22 MP: 2/2
   720 | D:1      | Reached XP level 3. HP: 27/27 MP: 3/3
  1050 | D:2      | Found a faded altar of an unknown god.
  2230 | D:3      | Gained mutation: You have a pair of horns on your head.
                  | [demonic ancestry]
  2230 | D:3      | Reached XP level 4. HP: 23/34 MP: 4/4
  2502 | D:3      | Identified a scroll of acquirement
  2502 | D:3      | Acquired the +1 gold dragon scales of Dithmenos's Vengeance
                  | {Harm rPois rF+ rC+ Int-5 SInv Stlth+}
  2685 | D:3      | Found a runed translucent gate.
  2687 | D:3      | Found a runed translucent gate.
  2687 | D:3      | Found a runed translucent gate.
  2687 | D:3      | Noticed DeadOnArrival's ghost (amateur AtMo)
  2687 | D:3      | Noticed wormed's ghost (amateur OpMo)
  2688 | D:3      | Noticed bande's ghost (amateur GrFi)
  2689 | D:3      | Noticed wormed's ghost (amateur OpTm)
  3019 | D:4      | Gained mutation: You are partially covered in rugged brown
                  | scales. (AC +1, +3% HP) [demonic ancestry]
  3019 | D:4      | Reached XP level 5. HP: 36/43 MP: 5/5
  3024 | D:4      | Reached skill level 1 in Armour
  3170 | D:4      | Identified the +8 hand axe "Amenkonk" {freeze, rPois}
  3342 | D:4      | Noticed a black bear
  3345 | D:4      | Killed a black bear
  3346 | D:4      | Gained mutation: Spells you cast may paralyse adjacent
                  | enemies. [demonic ancestry]
  3346 | D:4      | Reached XP level 6. HP: 46/49 MP: 6/6
  3398 | D:4      | Found an ancient bone altar of Kikubaaqudgha.
  3399 | D:4      | Noticed a human
  3402 | D:4      | Killed a human
  3727 | D:5      | Entered Level 5 of the Dungeon
  3778 | D:5      | Reached skill level 1 in Axes
  3790 | D:5      | Reached skill level 2 in Axes
  3930 | D:5      | Reached skill level 3 in Axes
  3930 | D:5      | Gained mutation: You have a pair of large horns on your
                  | head. [demonic ancestry]
  3930 | D:5      | Reached XP level 7. HP: 55/55 MP: 7/7
  3959 | D:5      | Noticed mhtbhm's ghost (novice TrTm)
  3960 | D:5      | Found a transporter.
  3961 | D:5      | Identified the +10 giant club "Newt's Doom" {speed, rPois
                  | rC- Str+3}
  3983 | D:5      | Reached skill level 4 in Axes
  4048 | D:5      | Reached skill level 5 in Axes
  4133 | D:5      | Killed from afar by an orc priest

Illustrated notes

Levels and vault maps discovered:
D:1:      elethiomel_arrival_quiet, layout_basic
D:2:      layout_basic, hellmonk_ecumenical_altar_arch_garden,
          grunt_decor_mini_mirrors, dreamdust_mushroom_princess, minivault_25,
          chequers_serial_rivers_small_3, minmay_misc_feat_cross, st_stairs_7,
          minmay_misc_feat_encased, minmay_misc_feat_tiny
D:3:      layout_loops_ring, gammafunk_ghost_cemetery
D:4:      minmay_bubble_buster, layout_basic, tgw_kikubaaqudgha
D:5:      layout_basic, gammafunk_ghost_smash, minmay_checkerbox

Skill      XL: |  1  2  3  4  5  6  7 |
---------------+----------------------+-----
Stealth        | 1 2 3 |  3.0
Fighting       | 4 |  4.0
Armour         | 3 4 |  4.0
Axes           | 3 5 |  5.4
Short Blades   | |  2.6
Throwing       | |  1.7
Dodging        | |  2.6

Action                   |  1- 3 |  4- 6 |  7- 9 || total
-------------------------+-------+-------+-------++-------
Melee: Rapier            |   123 |    62 |       ||   185
       Headbutt          |    12 |    14 |     4 ||    30
       Punch             |     1 |     1 |       ||     2
       Hand axe          |       |    36 |    20 ||    56
Throw: Throwing net      |     2 |       |       ||     2
  Use: Scroll            |     3 |     7 |     1 ||    11
       Potion            |       |     2 |       ||     2
 Stab: Sleeping          |     7 |     2 |       ||     9
       Distracted        |     1 |       |       ||     1
Armor: Leather armour    |    22 |    10 |       ||    32
       Gold dragon scale |       |    65 |    23 ||    88
Dodge: Dodged            |    71 |    20 |     1 ||    92

Table legend: (Time is in decaauts)
 A = Elapsed time spent in this place.
 B = Non-inter-level travel time spent in this place.
 C = Inter-level travel time spent in this place.
 D = Time resting spent in this place.
 E = Time spent auto-exploring this place.
 F = Levels seen in this place.
 G = Mean time per level.
                   A        B        C        D        E       F      G
               +--------+--------+--------+--------+--------+-----+--------+
         Total |   4160 |   4076 |     84 |    146 |   3256 |   5 |  832.0 |
       Dungeon |   4160 |   4076 |     84 |    146 |   3256 |   5 |  832.0 |
               +--------+--------+--------+--------+--------+-----+--------+

Top non-repeatable levels by time:
     D:2: 1238 daAuts
     D:1: 988 daAuts
     D:4: 784 daAuts
     D:3: 737 daAuts
     D:5: 411 daAuts
